PL
ATLANTA SMOKE @ CHICAGO GOLD SOX
09/14/2024
 
TOP OF THE 1ST
Atlanta Smoke batting - Pitching for Chicago Gold Sox : RHP Plinio Pedrulho
Pitching: RHP Plinio Pedrulho
Batting: LHB Bernardo Elías 0-0: Ball
1-0: Called Strike
1-1: Fly out, F3 (Line Drive, 34)
Batting: RHB Bartolo Morales 0-0: Ball
1-0: Called Strike
1-1: Swinging Strike
1-2: Ball
2-2: Ball
3-2: Strikes out swinging
Batting: LHB Albert Morán 0-0: Ball
1-0: Fly out, F9 (Flyball, 9M)
Top of the 1st over - 0 run(s), 0 hit(s), 0 error(s), 0 left on base; Atlanta 0 - Chicago 0
BOTTOM OF THE 1ST
Chicago Gold Sox batting - Pitching for Atlanta Smoke : LHP José Flores
Pitching: LHP José Flores
Batting: RHB Rod Jones 0-0: Called Strike
0-1: Swinging Strike
0-2: Strikes out looking
Batting: LHB William Wise 0-0: Called Strike
0-1: SOLO HOME RUN (Flyball, 78XD), Distance : 417 ft
Batting: LHB Noel Ballard 0-0: Ball
1-0: Ball
2-0: Ball
3-0: Base on Balls
Batting: LHB Melvin Castro 0-0: Ball
1-0: Called Strike
1-1: Foul Ball, location: 2F
1-2: Foul Ball, location: 2F
1-2: Fly out, F6 (Popup, 5)
Batting: LHB Eddie Flynn 0-0: Ball
1-0: Swinging Strike
1-1: Swinging Strike
1-2: Foul Ball, location: 2F
1-2: Ball
2-2: Foul Ball, location: 2F
2-2: Foul Ball, location: 2F
2-2: Ground out 4-3 (Groundball, 4M)
Bottom of the 1st over - 1 run(s), 1 hit(s), 0 error(s), 1 left on base; Atlanta 0 - Chicago 1
TOP OF THE 2ND
Atlanta Smoke batting - Pitching for Chicago Gold Sox : RHP Plinio Pedrulho
Batting: RHB Cale Sutton 0-0: Called Strike
0-1: Ball
1-1: Fly out, F9 (Flyball, 89D)
Batting: RHB Jonathan Cook 0-0: Ball
1-0: Foul Ball, location: 2F
1-1: Ball
2-1: Called Strike
2-2: Foul Ball, location: 2F
2-2: Ground out 5-3 (Groundball, 56S)
Batting: LHB Carl Gore 0-0: Called Strike
0-1: Swinging Strike
0-2: Ball
1-2: Foul Ball, location: 2F
1-2: Ball
2-2: Foul Ball, location: 2F
2-2: SINGLE (Groundball, 56D)
Batting: LHB Armando Esparza 0-0: Called Strike
0-1: SINGLE (Flyball, 7LS)
Carl Gore to second
Batting: SHB Juan Ortega 0-0: Swinging Strike
0-1: Ball
1-1: Swinging Strike
1-2: Ball
2-2: Strikes out swinging
Top of the 2nd over - 0 run(s), 2 hit(s), 0 error(s), 2 left on base; Atlanta 0 - Chicago 1
BOTTOM OF THE 2ND
Chicago Gold Sox batting - Pitching for Atlanta Smoke : LHP José Flores
Batting: RHB Alfredo López 0-0: Called Strike
0-1: Called Strike
0-2: Ball
1-2: Foul Ball, location: 2F
1-2: Strikes out swinging
Batting: RHB Brady Ferris 0-0: Ball
1-0: Fly out, F9 (Flyball, 9LM)
Batting: LHB Chris Hill 0-0: Fly out, F8 (Line Drive, 8LM)
Bottom of the 2nd over - 0 run(s), 0 hit(s), 0 error(s), 0 left on base; Atlanta 0 - Chicago 1
TOP OF THE 3RD
Atlanta Smoke batting - Pitching for Chicago Gold Sox : RHP Plinio Pedrulho
Batting: RHB Anthony Johnston 0-0: SINGLE (Line Drive, 34D)
Batting: LHB Bernardo Elías 0-0: Foul Ball, location: 2F
0-1: Ball
1-1: Foul Ball, location: 2F
1-2: Foul Ball, location: 2F
1-2: Ball
2-2: Fly out, F4 (Line Drive, 4MD)
2-2: Fly out, F4 (Line Drive, 4MD)
Batting: RHB Bartolo Morales 0-0: Swinging Strike
0-1: Fly out, F7 (Flyball, 78S)
Batting: LHB Albert Morán 0-0: Called Strike
0-1: Foul Ball, location: 2F
0-2: Ball
1-2: Ground out 4-3 (Groundball, 4)
Top of the 3rd over - 0 run(s), 1 hit(s), 0 error(s), 1 left on base; Atlanta 0 - Chicago 1
BOTTOM OF THE 3RD
Chicago Gold Sox batting - Pitching for Atlanta Smoke : LHP José Flores
Batting: LHB Sam Good 0-0: Ball
1-0: Ball
2-0: Ball
3-0: Called Strike
3-1: Base on Balls
Batting: RHB Rod Jones 0-0: Ball
1-0: Ball
2-0: Foul Ball, location: 2F
2-1: Called Strike
2-2: Ball
3-2: Foul Ball, location: 2F
3-2: Base on Balls
Sam Good to second
Batting: LHB William Wise 0-0: Called Strike
0-1: Swinging Strike
0-2: Ball
1-2: SINGLE (Groundball, 4MD)
Sam Good to third
Rod Jones to second
Runner from 3rd tries for Home, SAFE, no throw or cutoff
Batting: LHB Noel Ballard 0-0: Foul Ball, location: 2F
0-1: SINGLE (Line Drive, 56)
Rod Jones to third
William Wise to second
Runner from 3rd tries for Home, SAFE, no throw or cutoff
Batting: LHB Melvin Castro 0-0: Ball
1-0: Foul Ball, location: 2F
1-1: Ball
2-1: Foul Ball, location: 2F
2-2: Ball
3-2: Foul Ball, location: 2F
3-2: Foul Ball, location: 2F
3-2: Base on Balls
William Wise to third
Noel Ballard to second
Batting: LHB Eddie Flynn 0-0: Fly out, F9 (Flyball, 9LM)
Runner from 3rd tags up, OUT at HOME
Noel Ballard to third
Melvin Castro to second
Batting: RHB Alfredo López 0-0: Called Strike
0-1: Ball
1-1: Foul Ball, location: 2F
1-2: Foul Ball, location: 2F
1-2: Ball
2-2: Ball
3-2: Base on Balls
Batting: RHB Brady Ferris 0-0: Fly out, F7 (Flyball, 78M)
Bottom of the 3rd over - 2 run(s), 2 hit(s), 0 error(s), 3 left on base; Atlanta 0 - Chicago 3
TOP OF THE 4TH
Atlanta Smoke batting - Pitching for Chicago Gold Sox : RHP Plinio Pedrulho
Batting: RHB Cale Sutton 0-0: Ball
1-0: Foul Ball, location: 2F
1-1: Ball
2-1: Swinging Strike
2-2: Foul Ball, location: 2F
2-2: Foul Ball, location: 2F
2-2: Strikes out swinging
Pitching: RHP Ramón Elizondo
Batting: RHB Jonathan Cook 0-0: Ball
1-0: Ball
2-0: Called Strike
2-1: Foul Ball, location: 2F
2-2: Ball
3-2: Base on Balls
Batting: LHB Carl Gore 0-0: Called Strike
0-1: SINGLE (Line Drive, 8LS)
Jonathan Cook to second
Batting: LHB Armando Esparza 0-0: Swinging Strike
0-1: Ball
1-1: Ball
2-1: Ground out U3 (Groundball, 3S)
Jonathan Cook to third
Carl Gore to second
Batting: SHB Juan Ortega 0-0: Called Strike
0-1: Swinging Strike
0-2: Strikes out swinging
Top of the 4th over - 0 run(s), 1 hit(s), 0 error(s), 2 left on base; Atlanta 0 - Chicago 3
BOTTOM OF THE 4TH
Chicago Gold Sox batting - Pitching for Atlanta Smoke : LHP José Flores
Batting: LHB Chris Hill 0-0: Called Strike
0-1: Ball
1-1: Ground out 4-3 (Groundball, 4)
Batting: LHB Sam Good 0-0: Ball
1-0: Ball
2-0: Called Strike
2-1: Called Strike
2-2: Strikes out swinging passed ball, reaches first!
Batting: RHB Rod Jones 0-0: Ball
1-0: Fly out, F7 (Flyball, 7M)
Batting: LHB William Wise 0-0: Called Strike
0-1: Ball
1-1: Ball
2-1: Foul Ball, location: 2F
2-2: Ball
3-2: Base on Balls
Sam Good to second
Batting: LHB Noel Ballard 0-0: Ball
1-0: Ball
2-0: Foul Ball, location: 2F
2-1: Ball
3-1: Foul Ball, location: 2F
3-2: Ground out 6-3 (Groundball, 6)
Bottom of the 4th over - 0 run(s), 0 hit(s), 0 error(s), 2 left on base; Atlanta 0 - Chicago 3
TOP OF THE 5TH
Atlanta Smoke batting - Pitching for Chicago Gold Sox : RHP Ramón Elizondo
Batting: RHB Anthony Johnston 0-0: Ground out 5-3 (Groundball, 5S)
Batting: LHB Bernardo Elías 0-0: Ball
1-0: Ball
2-0: Fly out, F5 (Line Drive, 56S)
Batting: RHB Bartolo Morales 0-0: Swinging Strike
0-1: Ball
1-1: Ball
2-1: Ball
3-1: Foul Ball, location: 2F
3-2: Strikes out swinging
Top of the 5th over - 0 run(s), 0 hit(s), 0 error(s), 0 left on base; Atlanta 0 - Chicago 3
BOTTOM OF THE 5TH
Chicago Gold Sox batting - Pitching for Atlanta Smoke : LHP José Flores
Batting: LHB Melvin Castro 0-0: Ground out 4-3 (Groundball, 34)
Batting: LHB Eddie Flynn 0-0: Ball
1-0: Swinging Strike
1-1: Ball
2-1: Ball
3-1: Base on Balls
Batting: RHB Alfredo López 0-0: Foul Ball, location: 2F
0-1: Ball
1-1: Grounds into double play, 1-6-3 (Groundball, 25)
Bottom of the 5th over - 0 run(s), 0 hit(s), 0 error(s), 0 left on base; Atlanta 0 - Chicago 3
TOP OF THE 6TH
Atlanta Smoke batting - Pitching for Chicago Gold Sox : RHP Ramón Elizondo
Batting: LHB Albert Morán 0-0: Called Strike
0-1: Ball
1-1: Called Strike
1-2: Fly out, F3 (Popup, 3SF)
Batting: RHB Cale Sutton 0-0: Foul Ball, location: 2F
0-1: Ball
1-1: Foul Ball, location: 2F
1-2: Ball
2-2: SINGLE (Groundball, 34D)
Batting: RHB Jonathan Cook 0-0: Ball
1-0: Foul Ball, location: 2F
1-1: Ball
2-1: Foul Ball, location: 2F
2-2: Foul Ball, location: 2F
2-2: Ball
3-2: Ground out 5-3 (Groundball, 56S)
Cale Sutton to second
Batting: LHB Carl Gore 0-0: Ball
1-0: Ball
2-0: Called Strike
2-1: Ball
3-1: Base on Balls
Batting: LHB Armando Esparza 0-0: Fielders Choice at 2nd, U4 (Groundball, 4M)
Top of the 6th over - 0 run(s), 1 hit(s), 0 error(s), 2 left on base; Atlanta 0 - Chicago 3
BOTTOM OF THE 6TH
Chicago Gold Sox batting - Pitching for Atlanta Smoke : LHP José Flores
Batting: RHB Brady Ferris 0-0: Ball
1-0: Ball
2-0: DOUBLE (Line Drive, 78D)
Batting: LHB Chris Hill 0-0: Swinging Strike
0-1: Ball
1-1: Called Strike
1-2: Strikes out swinging
Batting: LHB Sam Good 0-0: Called Strike
0-1: Ball
1-1: Ball
2-1: Ball
3-1: Foul Ball, location: 2F
3-2: Fly out, F8 (Flyball, 8RS)
Batting: RHB Rod Jones 0-0: Called Strike
0-1: Ball
1-1: Called Strike
1-2: Foul Ball, location: 2F
1-2: Ball
2-2: Hit by Pitch
Batting: LHB William Wise 0-0: Called Strike
0-1: Swinging Strike
0-2: Fly out, F6 (Popup, 6D)
Bottom of the 6th over - 0 run(s), 1 hit(s), 0 error(s), 2 left on base; Atlanta 0 - Chicago 3
TOP OF THE 7TH
Atlanta Smoke batting - Pitching for Chicago Gold Sox : RHP Ramón Elizondo
Batting: SHB Juan Ortega 0-0: Called Strike
0-1: Foul Ball, location: 2F
0-2: Ball
1-2: Ball
2-2: Ball
3-2: Foul Ball, location: 2F
3-2: Ground out 1-3 (Groundball, 13)
Pitching: RHP Javier Dávila
Batting: RHB Anthony Johnston 0-0: Ball
1-0: Foul Ball, location: 2F
1-1: Swinging Strike
1-2: Ball
2-2: Ground out 1-3 (Groundball, 15S)
Batting: LHB Bernardo Elías 0-0: SINGLE (Groundball, 4MD)
Batting: RHB Bartolo Morales 0-0: Ball
1-0: Ball
2-0: SINGLE (Groundball, 56D)
Bernardo Elías to second
Batting: LHB Albert Morán 0-0: Ball
1-0: Ball
2-0: Ball
3-0: Called Strike
3-1: Base on Balls
Bernardo Elías to third
Bartolo Morales to second
Batting: RHB Cale Sutton 0-0: Called Strike
0-1: DOUBLE (Flyball, 8LXD)
Bernardo Elías scores
Bartolo Morales scores
Albert Morán to third
Pitching: LHP Jim Eliott
Batting: RHB Jonathan Cook 0-0: Ball
1-0: Called Strike
1-1: Ball
2-1: Called Strike
2-2: Strikes out swinging
Top of the 7th over - 2 run(s), 3 hit(s), 0 error(s), 2 left on base; Atlanta 2 - Chicago 3
BOTTOM OF THE 7TH
Chicago Gold Sox batting - Pitching for Atlanta Smoke : LHP José Flores
Batting: LHB Noel Ballard 0-0: SINGLE (Line Drive, 8RS)
Batting: LHB Melvin Castro 0-0: Fly out, F8 (Flyball, 8RD)
Batting: LHB Eddie Flynn 0-0: Ball
1-0: Swinging Strike
1-1: Ball
2-1: Foul Ball, location: 2F
2-2: Foul Ball, location: 2F
2-2: Ball
3-2: SINGLE (Groundball, 3D)
Noel Ballard to second
Runner from 2nd tries for 3rd, SAFE, throw made to third
Pitching: RHP Fred Pitts
Batting: RHB Alfredo López 0-0: Called Strike
0-1: Ball
1-1: Ball
2-1: Grounds into double play, 5-4-3 (Groundball, 56)
Bottom of the 7th over - 0 run(s), 2 hit(s), 0 error(s), 1 left on base; Atlanta 2 - Chicago 3
TOP OF THE 8TH
Atlanta Smoke batting - Pitching for Chicago Gold Sox : LHP Jim Eliott
Batting: LHB Carl Gore 0-0: Ball
1-0: Fly out, F7 (Line Drive, 7M)
Batting: LHB Armando Esparza 0-0: Ball
1-0: Called Strike
1-1: Called Strike
1-2: Ball
2-2: Ground out 1-3 (Groundball, 15S)
Batting: SHB Juan Ortega 0-0: Ball
1-0: Swinging Strike
1-1: Ground out 6-3 (Groundball, 6)
Top of the 8th over - 0 run(s), 0 hit(s), 0 error(s), 0 left on base; Atlanta 2 - Chicago 3
BOTTOM OF THE 8TH
Chicago Gold Sox batting - Pitching for Atlanta Smoke : RHP Fred Pitts
Batting: RHB Brady Ferris 0-0: Swinging Strike
0-1: Ball
1-1: Ball
2-1: Ball
3-1: Called Strike
3-2: Foul Ball, location: 2F
3-2: Foul Ball, location: 2F
3-2: Strikes out swinging
Batting: LHB Chris Hill 0-0: SINGLE (Line Drive, 89S)
Batting: LHB Sam Good 0-0: Called Strike
0-1: Foul Ball, location: 2F
0-2: Ball
1-2: Ball
2-2: Strikes out swinging
Batting: RHB Rod Jones 0-0: Called Strike
0-1: Swinging Strike
0-2: Ball
1-2: Strikes out swinging
Bottom of the 8th over - 0 run(s), 1 hit(s), 0 error(s), 1 left on base; Atlanta 2 - Chicago 3
TOP OF THE 9TH
Atlanta Smoke batting - Pitching for Chicago Gold Sox : LHP Jim Eliott
Pitching: LHP Juan Júlio
Batting: RHB Anthony Johnston 0-0: Swinging Strike
0-1: Ground out 6-3 (Groundball, 6)
Pinch Hitting: RHB Mike Lyon 0-0: Ball
1-0: Called Strike
1-1: SOLO HOME RUN (Flyball, 78XD), Distance : 424 ft
Batting: RHB Bartolo Morales 0-0: Ball
1-0: Called Strike
1-1: Ball
2-1: Swinging Strike
2-2: Strikes out swinging
Batting: LHB Albert Morán 0-0: Foul Ball, location: 2F
0-1: Ball
1-1: Ball
2-1: Ball
3-1: Fly out, F5 (Popup, 5S)
Top of the 9th over - 1 run(s), 1 hit(s), 0 error(s), 0 left on base; Atlanta 3 - Chicago 3
BOTTOM OF THE 9TH
Chicago Gold Sox batting - Pitching for Atlanta Smoke : RHP Fred Pitts
Now in LF: Mike Lyon
Batting: LHB William Wise 0-0: Called Strike
0-1: Ball
1-1: Called Strike
1-2: Foul Ball, location: 2F
1-2: Ground out 1-3 (Groundball, 15S)
Batting: LHB Noel Ballard 0-0: Ball
1-0: Ball
2-0: Swinging Strike
2-1: Ball
3-1: Base on Balls
Batting: LHB Melvin Castro 0-0: Ball
1-0: Called Strike
1-1: Swinging Strike
1-2: Fly out, F5 (Popup, 56S)
Batting: LHB Eddie Flynn 0-0: Ground out 4-3 (Groundball, 13)
Bottom of the 9th over - 0 run(s), 0 hit(s), 0 error(s), 1 left on base; Atlanta 3 - Chicago 3
TOP OF THE 10TH
Atlanta Smoke batting - Pitching for Chicago Gold Sox : LHP Juan Júlio
Batting: RHB Cale Sutton 0-0: Ball
1-0: Ball
2-0: Called Strike
2-1: Called Strike
2-2: Ball
3-2: Foul Ball, location: 2F
3-2: Base on Balls
Batting: RHB Jonathan Cook 0-0: Ball
1-0: Ball
2-0: Ball
3-0: Called Strike
3-1: Base on Balls
Cale Sutton to second
Pinch Hitting: LHB Juan Rodríguez 0-0: Ball
1-0: Called Strike
1-1: Swinging Strike
1-2: Foul Ball, location: 2F
1-2: Ball
2-2: Strikes out swinging
Batting: LHB Armando Esparza 0-0: Ball
1-0: Called Strike
1-1: Ball
2-1: Foul Ball, location: 2F
2-2: Ground out U3 (Groundball, 3L)
Cale Sutton to third
Jonathan Cook to second
Pinch Hitting: RHB Ken Fulton 0-0: Called Strike
0-1: Ball
1-1: Ball
2-1: Called Strike
2-2: Fly out, F9 (Flyball, 9LM)
Top of the 10th over - 0 run(s), 0 hit(s), 0 error(s), 2 left on base; Atlanta 3 - Chicago 3
BOTTOM OF THE 10TH
Chicago Gold Sox batting - Pitching for Atlanta Smoke : RHP Fred Pitts
Now at 1B: Juan Rodríguez
Now at 2B: Jack Weber
Batting: RHB Alfredo López 0-0: Fly out, F8 (Flyball, 8RM)
Batting: RHB Brady Ferris 0-0: Ball
1-0: Foul Ball, location: 2F
1-1: Fly out, F9 (Flyball, 9M)
Batting: LHB Chris Hill 0-0: Ball
1-0: Foul Ball, location: 2F
1-1: Ground out 5-3 (Groundball, 56S)
Bottom of the 10th over - 0 run(s), 0 hit(s), 0 error(s), 0 left on base; Atlanta 3 - Chicago 3
TOP OF THE 11TH
Atlanta Smoke batting - Pitching for Chicago Gold Sox : LHP Juan Júlio
Pitching: RHP Esteban Arroyo
Batting: RHB Anthony Johnston 0-0: Called Strike
0-1: Fly out, F9 (Flyball, 9S)
Batting: RHB Mike Lyon 0-0: Called Strike
0-1: Ball
1-1: Ground out U3 (Groundball, 3S)
Batting: RHB Bartolo Morales 0-0: Called Strike
0-1: Ground out 5-3 (Groundball, 56)
Top of the 11th over - 0 run(s), 0 hit(s), 0 error(s), 0 left on base; Atlanta 3 - Chicago 3
BOTTOM OF THE 11TH
Chicago Gold Sox batting - Pitching for Atlanta Smoke : RHP Fred Pitts
Batting: LHB Sam Good 0-0: Swinging Strike
0-1: Called Strike
0-2: Ground out 6-3 (Groundball, 6M)
Batting: RHB Rod Jones 0-0: Ball
1-0: Ground out 1-3 (Groundball, 13)
Pitching: RHP Iván García
Batting: LHB William Wise 0-0: Foul Ball, location: 2F
0-1: Ball
1-1: Called Strike
1-2: Ball
2-2: Fly out, F3 (Popup, 3SF)
Bottom of the 11th over - 0 run(s), 0 hit(s), 0 error(s), 0 left on base; Atlanta 3 - Chicago 3
TOP OF THE 12TH
Atlanta Smoke batting - Pitching for Chicago Gold Sox : RHP Esteban Arroyo
Batting: LHB Albert Morán 0-0: Fly out, F2 (Popup, 2LF)
Batting: RHB Cale Sutton 0-0: Fly out, F8 (Flyball, 89M)
Batting: RHB Jonathan Cook 0-0: Called Strike
0-1: Ball
1-1: Ground out 6-3 (Groundball, 6)
Top of the 12th over - 0 run(s), 0 hit(s), 0 error(s), 0 left on base; Atlanta 3 - Chicago 3
BOTTOM OF THE 12TH
Chicago Gold Sox batting - Pitching for Atlanta Smoke : RHP Iván García
Batting: LHB Noel Ballard 0-0: DOUBLE (Groundball, 3L)
Batting: LHB Melvin Castro 0-0: Intentional Walk
Batting: LHB Eddie Flynn 0-0: Foul Ball, location: 2F
0-1: Ball
1-1: Swinging Strike
1-2: Foul Ball, location: 2F
1-2: Ball
2-2: Strikes out swinging
Batting: RHB Alfredo López 0-0: Called Strike
Noel Ballard is caught stealing 3rd base
Melvin Castro to second
0-1: Ground out 5-3 (Groundball, 56S)
Bottom of the 12th over - 0 run(s), 1 hit(s), 0 error(s), 1 left on base; Atlanta 3 - Chicago 3
TOP OF THE 13TH
Atlanta Smoke batting - Pitching for Chicago Gold Sox : RHP Esteban Arroyo
Batting: LHB Juan Rodríguez 0-0: Ball
1-0: Ground out 1-3 (Groundball, 3S)
Batting: LHB Armando Esparza 0-0: Called Strike
0-1: Foul Ball, location: 2F
0-2: Ground out 1-3 (Groundball, 13S)
Batting: RHB Jack Weber 0-0: Called Strike
0-1: Called Strike
0-2: Strikes out looking
Top of the 13th over - 0 run(s), 0 hit(s), 0 error(s), 0 left on base; Atlanta 3 - Chicago 3
BOTTOM OF THE 13TH
Chicago Gold Sox batting - Pitching for Atlanta Smoke : RHP Iván García
Batting: RHB Brady Ferris 0-0: Ball
1-0: Swinging Strike
1-1: Called Strike
1-2: Foul Ball, location: 2F
1-2: Ball
2-2: Ball
3-2: Foul Ball, location: 2F
3-2: Foul Ball, location: 2F
3-2: Foul Ball, location: 2F
3-2: Foul Ball, location: 2F
3-2: Fly out, F9 (Flyball, 89S)
Batting: LHB Chris Hill 0-0: Foul Ball, location: 2F
0-1: Called Strike
0-2: Strikes out swinging
Pitching: RHP Pablo De La Torre
Batting: LHB Sam Good 0-0: Called Strike
0-1: Called Strike
0-2: Hit by Pitch
Batting: RHB Rod Jones 0-0: Ball
1-0: Called Strike
1-1: Ground out 6-3 (Groundball, 6)
Bottom of the 13th over - 0 run(s), 0 hit(s), 0 error(s), 1 left on base; Atlanta 3 - Chicago 3
TOP OF THE 14TH
Atlanta Smoke batting - Pitching for Chicago Gold Sox : RHP Esteban Arroyo
Batting: RHB Anthony Johnston 0-0: Ball
1-0: Foul Ball, location: 2F
1-1: Called Strike
1-2: Ground out 5-3 (Groundball, 5)
Batting: RHB Mike Lyon 0-0: Foul Ball, location: 2F
0-1: Ball
1-1: Ball
2-1: Foul Ball, location: 2F
2-2: Ball
3-2: Foul Ball, location: 2F
3-2: Ground out 5-3 (Groundball, 5S)
Batting: RHB Bartolo Morales 0-0: Foul Ball, location: 2F
0-1: SINGLE (Line Drive, 7LS)
Batting: LHB Albert Morán 0-0: Called Strike
0-1: Ball
1-1: Ball
2-1: Foul Ball, location: 2F
2-2: Foul Ball, location: 2F
2-2: SINGLE (Groundball, 4MD)
Bartolo Morales to second
Bartolo Morales to third
Batting: RHB Cale Sutton 0-0: Ball
1-0: Ball
2-0: Foul Ball, location: 2F
2-1: Called Strike
2-2: Foul Ball, location: 2F
2-2: Ball
3-2: Strikes out swinging
Top of the 14th over - 0 run(s), 2 hit(s), 0 error(s), 2 left on base; Atlanta 3 - Chicago 3
BOTTOM OF THE 14TH
Chicago Gold Sox batting - Pitching for Atlanta Smoke : RHP Pablo De La Torre
Batting: LHB William Wise 0-0: Swinging Strike
0-1: Ball
1-1: Ball
2-1: Swinging Strike
2-2: Ball
3-2: Foul Ball, location: 2F
3-2: Foul Ball, location: 2F
3-2: Foul Ball, location: 2F
3-2: Foul Ball, location: 2F
3-2: Strikes out looking
Batting: LHB Noel Ballard 0-0: Foul Ball, location: 2F
0-1: Called Strike
0-2: Ball
1-2: Ball
2-2: Ball
3-2: Base on Balls
Batting: LHB Melvin Castro 0-0: 2-RUN HOME RUN (Flyball, 8RXD), Distance : 431 ft
This league is powered by Out of the Park Baseball, the baseball management simulation game for PC, Mac and Linux
Monday, October 3rd, 2016 - OOTP Baseball 16.9 Build 39